Map: 机械城 - 天梯版

Players

Demi

  • Race: Zerg Zerg
  • League: Diamond

Maru - Winner!

  • Race: Terran Terran
  • League: Gold

Event: WESG 2018 Grand Finals

VOD

Have the link to the VOD?

Description

Time

  • Played on: March 11, 2019, 7:10 a.m.
  • Length: 9:48

All games in this series

Show
View Real Time Build Order
Export as new Build Order

Demi Zerg 

Build Orders: Hatch First, Muta Ling Bane 

Get SALT Encoding   

  12  0:01  Drone  
  13  0:13  Overlord  
  13  0:17  Drone  
  14  0:31  Drone x2  
  16  0:50  Hatchery  
  16  0:53  Drone  
  16  0:57  Drone  
  16  0:59  Drone  
  18  1:12  Extractor  
  18  1:15  Spawning Pool  
  18  1:18  Drone  
  17  1:22  Drone  
  18  1:31  Drone  
  19  1:45  Drone  
  20  1:51  Overlord  
  20  2:03  Queen x2  
  20  2:04  Zergling x4  
  26  2:22  Hatchery  
  25  2:25  Drone  
  25  2:27  Drone  
  27  2:30  Drone  
  28  2:37  Spore Crawler  
  28  2:39  Drone  
  28  2:45  Queen  
  31  2:52  Metabolic Boost  
  31  2:55  Overlord  
  31  2:58  Drone  
  32  3:00  Drone  
  32  3:03  Drone  
  34  3:06  Drone  
  34  3:08  Drone  
  36  3:14  Drone x2  
  36  3:19  Queen  
  40  3:24  Overlord  
  40  3:30  Zergling x4  
  40  3:32  Drone x2  
  44  3:37  Drone x2  
  46  3:41  Queen  
  46  3:44  Drone  
  46  3:45  Drone  
  50  3:49  Drone  
  50  3:54  Drone x3  
  54  3:57  Zergling x4  
  56  4:03  Queen  
  56  4:07  Evolution Chamber  
  56  4:09  Overlord  
  57  4:12  Overlord  
  56  4:17  Drone  
  57  4:27  Queen  
  57  4:28  Overlord x2  
  57  4:29  Drone x2  
  57  4:30  Drone x2  
  63  4:31  Drone  
  63  4:36  Zergling x6  
  63  4:37  Zergling x2  
  68  4:42  Zerg Ground Armor Level 1  
  68  4:46  Zergling x2  
  68  4:47  Zergling x6  
  68  4:51  Overlord  
  72  4:54  Queen  
  72  4:56  Zergling x4  
  76  5:03  Zergling x2  
  76  5:04  Zergling x10  
  84  5:16  Overlord  
  84  5:20  Baneling Nest  
  83  5:24  Drone x8  
  83  5:27  Extractor  
  83  5:28  Extractor  
  87  5:30  Lair  
  87  5:32  Queen  
  89  5:36  Drone x3  
  92  5:45  Drone x2  
  93  5:50  Zergling x6  
  93  5:51  Zergling x8  
  93  5:55  Hatchery  
  99  5:58  Overlord  
  99  6:00  Zergling x4  
  100  6:05  Baneling x3  
  100  6:06  Baneling x3  
  100  6:13  Zergling x10  
  100  6:16  Queen  
  107  6:23  Baneling x6  
  107  6:26  Zergling x12  
  92  6:48  Drone x3  
  92  6:49  Drone x2, Extractor  
  92  6:51  Spire, Extractor  
  92  6:52  Drone x9, Extractor  
  92  6:53  Evolution Chamber  
  101  7:08  Zerg Melee Weapons Level 1, Spore Crawler  
  100  7:13  Zergling x2  
  100  7:14  Zergling x14  
  108  7:16  Baneling x7  
  103  7:33  Zergling x20  
  103  7:34  Zergling x4, Centrifical Hooks  
  103  7:35  Drone  
  109  7:54  Zergling x2  
  109  7:55  Zergling x16  
  116  7:59  Hatchery  
  116  8:00  Overlord  
  116  8:01  Overlord  
  108  8:12  Zergling x2  
  103  8:13  Zergling x18  
  103  8:18  Baneling x7  
  112  8:20  Drone  
  112  8:21  Drone  
  111  8:31  Drone x2  
  111  8:32  Drone  
  114  8:37  Overlord x2  
  106  8:50  Zergling x2  
  106  8:51  Zergling x16  
  110  9:01  Mutalisk x4  
  116  9:05  Mutalisk x4  
  116  9:06  Mutalisk x2  
  116  9:09  Baneling x4  
  128  9:10  Baneling x3  
  128  9:18  Baneling x3  
  128  9:19  Zergling x2, Baneling x3  
  128  9:20  Zergling x10  
  128  9:22  Zergling x2  
  135  9:25  Baneling x2  
Show
View Real Time Build Order
Export as new Build Order

Maru Terran - Winner!

Build Orders: Reaper Expand 

Get SALT Encoding   

  12  0:00  SCV  
  13  0:12  SCV  
  14  0:17  Supply Depot  
  14  0:25  SCV  
  15  0:39  SCV  
  15  0:40  Barracks  
  16  0:44  Refinery  
  16  0:51  SCV  
  17  1:03  SCV  
  18  1:15  SCV  
  19  1:27  Reaper, Orbital Command  
  20  1:42  Command Center  
  20  1:53  SCV  
  21  1:58  Barracks  
  21  2:02  Barracks Reactor  
  21  2:05  SCV  
  22  2:12  Supply Depot  
  22  2:17  SCV  
  23  2:23  Refinery  
  23  2:33  SCV  
  23  2:35  Factory  
  24  2:45  SCV  
  24  2:46  Marine x2  
  24  2:50  Barracks Tech Lab  
  27  2:55  Orbital Command  
  27  2:58  SCV  
  28  3:04  Marine x2  
  30  3:09  Stimpack  
  30  3:10  Marine  
  31  3:16  SCV  
  32  3:21  Marine x2  
  32  3:22  SCV  
  35  3:27  Starport  
  35  3:30  Factory Reactor  
  35  3:31  SCV  
  36  3:35  Marine  
  36  3:38  SCV  
  36  3:39  Marine  
  36  3:40  Marine  
  40  3:44  Supply Depot  
  40  3:47  SCV  
  41  3:50  SCV  
  41  3:54  Marine  
  43  3:57  Marine  
  43  3:58  Marine  
  43  3:59  SCV  
  46  4:05  SCV  
  46  4:07  Supply Depot  
  47  4:12  Marine  
  47  4:14  Engineering Bay  
  47  4:15  Medivac x2  
  52  4:17  Factory Tech Lab  
  52  4:18  Marine  
  52  4:20  Marine  
  54  4:27  Supply Depot  
  54  4:28  SCV x2  
  56  4:32  Supply Depot  
  56  4:33  Marine  
  57  4:39  Terran Infantry Weapons Level 1  
  57  4:40  Supply Depot  
  57  4:42  SCV x2  
  59  4:49  Siege Tank  
  62  4:55  Barracks  
  62  4:57  Marine x3  
  62  4:58  SCV  
  66  5:04  SCV  
  67  5:08  Refinery  
  67  5:10  SCV  
  68  5:15  Marine x3  
  68  5:16  SCV  
  72  5:21  Siege Tank  
  72  5:25  SCV  
  72  5:27  Supply Depot  
  76  5:29  Medivac  
  76  5:33  Marine x3  
  76  5:34  Supply Depot  
  81  5:42  SCV  
  82  5:43  Marine x2  
  84  5:50  Marine, Supply Depot  
  84  5:51  Marine x2  
  87  5:59  Combat Shield  
  87  6:01  Marine x2  
  89  6:06  Siege Tank  
  89  6:08  Marine x2  
  89  6:09  Marine  
  95  6:14  Medivac  
  97  6:18  Supply Depot  
  97  6:19  Marine x2  
  99  6:26  Marine x3  
  102  6:34  SCV x2  
  102  6:36  Supply Depot  
  102  6:37  Marine x2  
  97  6:44  Marine x3  
  97  6:46  Command Center  
  85  6:49  Terran Infantry Armor Level 1  
  85  6:53  Starport Reactor  
  85  6:54  Marine  
  85  6:55  Marine  
  85  6:57  Siege Tank  
  90  7:03  SCV x2  
  90  7:05  Marine x3  
  95  7:08  Refinery  
  95  7:16  SCV x2  
  95  7:17  Marine x2  
  99  7:28  SCV x2  
  99  7:29  Marine  
  100  7:30  Marine x2  
  100  7:31  Medivac x2  
  100  7:35  Marine  
  100  7:36  Marine  
  108  7:38  Siege Tank  
  108  7:40  SCV  
  112  7:45  SCV  
  112  7:47  Marine  
  112  7:48  Marine x2  
  114  7:57  Engineering Bay  
  109  7:59  Armory  
  109  8:00  Orbital Command  
  109  8:01  Marine  
  109  8:04  Barracks  
  110  8:06  Barracks  
  110  8:11  Marine  
  105  8:13  Marine x3  
  105  8:14  Siege Tank  
  105  8:19  Marine  
  112  8:20  Medivac x2  
  116  8:28  Orbital Command  
  116  8:29  Marine  
  116  8:31  Marine x3  
  116  8:33  SCV  
  116  8:34  SCV  
  122  8:38  Marine  
  123  8:46  Siege Tank  
  123  8:47  Marine  
  127  8:49  Marine x2  
  127  8:51  Marine  
  127  8:58  Marine  
  127  9:02  SCV x3  
  127  9:05  Marine  
  127  9:06  Barracks Tech Lab x2  
  128  9:13  Marine x3  
  131  9:18  Marine  
  131  9:21  Supply Depot  
  131  9:23  Marine  
Tags
 
Add a new tag
Caveats
  • Supply blocks, unpowered buildings, or Contaminate may cause inaccurate times.
  • Supply counts are checked every 10 seconds.